 Dungeon Crawl Stone Soup version 0.17-b1-36-g7b1967c (webtiles) character file.

3554 hannobal the Stinger (level 9, -3/64 HPs)
             Began as a Mummy Venom Mage on Nov 5, 2015.
             Was an Initiate of Ashenzari.
             Slain by a small abomination (7 damage)
             ... on level 1 of the Abyss on Nov 6, 2015.
             The game lasted 00:58:57 (20430 turns).

hannobal the Stinger (Mummy Venom Mage)            Turns: 20430, Time: 00:58:57

Health: -3/64      AC: 12    Str: 13    XL:     9   Next: 83%
Magic:  17/18      EV: 12    Int: 14    God:    Ashenzari [......]
Gold:   411        SH:  0    Dex: 12    Spells: 4 memorised, 7 levels left

rFire  . . .     SeeInvis .     a - +2 dagger (protect)
rCold  + . .     Clarity  .     P - +2 leather armour {rF+}
rNeg   + + +     SustAt   +     (no shield)
rPois  ∞         Gourm    .     v - +0 helmet
rElec  .         Spirit   .     h - +0 cloak
rCorr  .         Warding  .     (no gloves)
rMut   .         Stasis   +     (no boots)
MR     +....                    l - amulet of stasis
Stlth  ++........               m - ring of sustain attributes (curse)
                                f - -2 ring of strength (curse)

@: somewhat resistant to hostile enchantments, unstealthy
A: no food or potions, fire vulnerability, cold resistance 1, negative energy
resistance 3, torment resistance, unbreathing
a: Renounce Religion


You were on level 1 of the Abyss.
You worshipped Ashenzari.
Ashenzari was noncommittal.
You were not hungry.

You visited 2 branches of the dungeon, and saw 9 of its levels.
You visited the Abyss 1 time.

You collected 411 gold pieces.

Inventory:

Hand Weapons
 a - a +2 dagger of protection (weapon)
 b - a +0 shortbow
 e - a +0 hunting sling
 k - a +1 dagger of venom
 u - a +0 trident
 w - a +2 great sword
 y - a +0 quarterstaff
 C - a +0 morningstar
 G - a +0 whip of flaming
 I - a +0 broad axe
Missiles
 d - 112 arrows
 g - 94 poisoned needles
 i - 2 curare-tipped needles
 s - 209 stones (quivered)
 F - 35 sling bullets
 H - 2 needles of slowing
 J - 3 tomahawks
 L - 21 arrows of frost
 M - 4 sling bullets of frost
 N - 19 poisoned arrows
Armour
 h - a +0 cloak (worn)
 o - a +0 buckler
 v - a +0 helmet (worn)
 P - a +2 leather armour of fire resistance (worn)
Jewellery
 c - the ring of Lies {+Inv rF+ Dex+5}
   (You found it on level 1 of the Abyss)

   [ring of protection from fire]

   It affects your dexterity (+5).
   It protects you from fire.
   It lets you turn invisible.
 f - a cursed -2 ring of strength (left hand)
 l - an amulet of stasis (around neck)
 m - a cursed ring of sustain attributes (right hand)
 q - an uncursed amulet of resist mutation
 x - an uncursed ring of wizardry
 D - an uncursed ring of see invisible
Wands
 A - a wand of slowing (3)
 E - a wand of lightning (0)
 O - a wand of confusion (16)
Scrolls
 j - 2 scrolls of magic mapping
 n - 2 scrolls of immolation
 t - 2 scrolls of enchant weapon
 z - 2 scrolls of teleportation
 B - 2 scrolls of enchant armour
 K - a scroll of identify
Books
 p - a Young Poisoner's Handbook

   Spells                             Type                      Level
   a - Sting                          Conjuration/Poison           1
   b - Cure Poison                    Poison                       2
   c - Mephitic Cloud                 Conjuration/Poison/Air       3
   d - Olgreb's Toxic Radiance        Poison                       4
   e - Venom Bolt                     Conjuration/Poison           5


   Skills:
 - Level 3.3 Fighting
 + Level 6.4 Long Blades
 - Level 0.5 Bows
 - Level 2.3 Dodging
 - Level 2.1 Stealth
 - Level 6.1 Spellcasting
 - Level 2.0 Conjurations
 - Level 2.2 Air Magic
 - Level 7.0 Poison Magic
 - Level 1.2 Evocations


You had 7 spell levels left.
You knew the following spells:

 Your Spells              Type           Power        Failure   Level  Hunger
b - Venom Bolt            Conj/Pois      ###.......   83%         5    N/A
o - Olgreb's Toxic Radia  Pois           ###.....     12%         4    N/A
p - Mephitic Cloud        Conj/Pois/Air  ##......     14%         3    N/A
z - Sting                 Conj/Pois      ###.         3%          1    N/A

Dungeon Overview and Level Annotations

Branches:
Dungeon (8/15)             Temple (1/1) D:6
   Lair: D:8-11

Altars:
Ashenzari
Cheibriados
Dithmenos
Elyvilon
Fedhas
Gozag
Kikubaaqudgha
Makhleb
Nemelex Xobeh
Okawaru
Qazlal
Ru
Sif Muna
Vehumet
Xom
Yredelemnul
Zin
The Shining One

Shops:
D:8 %

Annotations:
D:8 Erolcha, Maurice


Innate Abilities, Weirdness & Mutations

You do not eat or drink.
Your flesh is vulnerable to fire.
You are immune to poison.
Your flesh is cold resistant.
You are immune to negative energy.
You are immune to unholy pain and torment.
You can survive without breathing.


Message History

The small abomination hits you but does no damage.
The small abomination hits you.
The small abomination hits you but does no damage.
Press: ? - help, . - travel You can't see that place.
The small abomination hits you! The small abomination misses you.
The small abomination closely misses you.
The small abomination barely misses you.
A lich comes into view.
There is an open door here.
The small abomination hits you! x2
* * * LOW HITPOINT WARNING * * *
The small abomination closely misses you.
The large abomination misses you. The small abomination hits you!
* * * LOW HITPOINT WARNING * * *
The lich shouts!
The small abomination hits you!
You die...

# ........# ##..
#. # .......L#
## ...# #
.#.....## ##..
###?# #...##
####. ....
##L#####∩
.X..$....##
#.....# #.## .#
#.#
#..##.###.###. .
....
##..#..........#
# #...#@.##
.##### . #
##.Xx...##.# # .
# .......##..##
. . .
...#...##.#.#.
##.## #.#
#......#.## . #.
# ........... .
# ....####.. #
....# #.# ...#


You could see a large abomination and a small abomination.

Vanquished Creatures
  A spriggan (D:7)
  Menkaure (D:7)
  2 hippogriffs (D:7)
  3 orc warriors
  A sky beast (D:5)
  4 phantoms
  2 black bears
  A crocodile (D:7)
  5 centaurs
  2 giant frogs (D:6)
  The ghost of tp1 the Magician, an amateur DECj (D:6)
  3 scorpions
  2 wights
  2 jellies
  2 giant frog zombies
  3 crimson imps
  10 orc wizards
  Crazy Yiuf (D:4)
  An orc priest (D:4)
  2 hounds (D:4)
  An iguana (D:8)
  9 worker ants
  A hound skeleton (D:5)
  3 gnolls (D:4)
  13 adders
  A shadow imp (D:5)
  An ooze (D:1)
  An adder skeleton (D:4)
  5 worms
  27 orcs
  4 giant cockroaches
  20 goblins
  16 hobgoblins
  6 jackals
  13 kobolds
  7 quokkas
  5 bats
  7 giant geckos
  A giant gecko skeleton (D:5)
  7 giant newts
  A jackal skeleton (D:5)
  16 rats
214 creatures vanquished.

Vanquished Creatures (others)
  5 toadstools (D:1)
5 creatures vanquished.

Grand Total: 219 creatures vanquished

Notes
Turn   | Place    | Note
--------------------------------------------------------------
     0 | D:1      | hannobal the Mummy Venom Mage began the quest for the Orb.
     0 | D:1      | Reached XP level 1. HP: 13/13 MP: 3/3
    76 | D:1      | Reached skill level 1 in Conjurations
   283 | D:1      | Reached XP level 2. HP: 19/19 MP: 0/5
  1267 | D:2      | Reached XP level 3. HP: 24/24 MP: 3/6
  2008 | D:2      | Upgraded the game from 0.17-b1-25-g6d8775f to 0.17-b1-36-g7b1967c
  2377 | D:2      | Found a white marble altar of Elyvilon.
  2472 | D:2      | Reached XP level 4. HP: 30/30 MP: 1/7
  2481 | D:2      | Learned a level 4 spell: Olgreb's Toxic Radiance
  3703 | D:1      | Reached skill level 4 in Poison Magic
  6583 | D:1      | Reached skill level 1 in Fighting
  8577 | D:1      | Noticed a hill giant
  9191 | D:3      | Reached XP level 5. HP: 24/37 MP: 0/8
  9608 | D:3      | Learned a level 3 spell: Mephitic Cloud
 10260 | D:3      | Reached skill level 1 in Air Magic
 10862 | D:4      | Reached skill level 5 in Poison Magic
 10862 | D:4      | Reached XP level 6. HP: 33/43 MP: 3/9
 11736 | D:4      | Found a snail-covered altar of Cheibriados.
 11837 | D:4      | Reached skill level 6 in Poison Magic
 12003 | D:4      | Noticed Crazy Yiuf
 12038 | D:4      | Killed Crazy Yiuf
 12038 | D:4      | Reached XP level 7. HP: 48/48 MP: 0/10
 12140 | D:5      | Entered Level 5 of the Dungeon
 12769 | D:5      | Found an ancient bone altar of Kikubaaqudgha.
 12868 | D:5      | Found a stormy altar of Qazlal.
 14327 | D:6      | Reached skill level 5 in Spellcasting
 14463 | D:5      | Reached XP level 8. HP: 42/54 MP: 2/16
 14803 | D:6      | Found a deep blue altar of Sif Muna.
 14836 | D:6      | Noticed tp1's ghost (amateur DECj)
 15003 | D:6      | Killed tp1's ghost
 15433 | D:5      | Reached skill level 7 in Poison Magic
 16153 | D:6      | Reached skill level 1 in Evocations
 16505 | D:6      | Found a staircase to the Ecumenical Temple.
 16514 | Temple   | Entered the Ecumenical Temple
 16682 | Temple   | Became a worshipper of Ashenzari the Shackled
 17426 | D:6      | Reached skill level 1 in Long Blades
 17426 | D:6      | Reached XP level 9. HP: 64/64 MP: 7/18
 17583 | D:6      | Found an iron altar of Okawaru.
 17854 | D:6      | Learned a level 5 spell: Venom Bolt
 18683 | D:7      | Found a sacrificial altar of Ru.
 19417 | D:7      | Reached skill level 5 in Long Blades
 19665 | D:7      | Found a glowing golden altar of the Shining One.
 19825 | D:7      | Noticed Menkaure
 19837 | D:7      | Killed Menkaure
 20023 | D:8      | Noticed Maurice
 20326 | D:8      | Noticed Erolcha
 20328 | D:8      | Found Tigugul's Food Shoppe.
 20361 | D:8      | Cast into the Abyss (Erolcha)
 20388 | Abyss:1  | Noticed a large abomination
 20393 | Abyss:1  | Identified the ring of Lies {+Inv rF+ Dex+5}
 20424 | Abyss:1  | Noticed a lich
 20430 | Abyss:1  | Slain by a small abomination

Action                   |  1- 3 |  4- 6 |  7- 9 || total
-------------------------+-------+-------+-------++-------
Melee: Unarmed           |     6 |       |       ||     6
       Dagger            |    30 |    56 |   195 ||   281
       Great sword       |       |       |    47 ||    47
 Fire: Shortbow          |       |       |   134 ||   134
       Hunting sling     |       |       |     2 ||     2
Throw: Tomahawk          |       |     2 |    10 ||    12
       Stone             |       |       |    19 ||    19
 Cast: Sting             |   116 |   243 |   258 ||   617
       Olgreb's Toxic Ra |       |     3 |    30 ||    33
       Mephitic Cloud    |       |     1 |    12 ||    13
Evoke: Wand              |       |       |    10 ||    10
  Use: Scroll            |     6 |     6 |     2 ||    14
 Stab: Sleeping          |     1 |       |       ||     1
       Confused          |       |       |     6 ||     6
